cohdb
Replays
Latest Replays
All Replays
Popular Replays
Top Player Replays
Match Explorer
How It Works
Community
CoH3 Stats
Reddit
Sign in to upload your games and track your stats! →
Sign in with Steam
Match 31772265
Unlisted
Match 31772265
Overview
Messages
Build Orders
End
Engineer Squad
Construct Barracks
Riflemen Squad
Riflemen Squad
Grenade Package
Riflemen Squad
Infantry Support Center
Selects Special Operations Battlegroup
Selects M29 Weasel with M1 Pack Howitzer
M29 Weasel with M1 Pack Howitzer
Construct Tank Depot
Selects Raiding Flares
Selects SSF Commando Squad
SSF Commando Squad
M4A1 Sherman Medium Tank
SSF Commando Squad
Engineer Squad
M4(105) Sherman Bulldozer
Riflemen Squad
Selects P-47 Anti-Infantry Loiter
Selects UNKNOWN (2162291)
P-47 Anti-Infantry Loiter
M4A1 Sherman Whizbang
M18 Hellcat Tank Destroyer
Construct Weapon Support Center
Nukepapa
TOJI
Troll
NANAMI
(KCC)MGfirst
Switcherry
0
0
Comments
sign in to comment!
No comments posted yet!